 Dungeon Crawl Stone Soup version 0.29-a0-1008-g949cc1d0fb (webtiles) character file.

Game seed: 13577949178934603920

20078 porpoise the Fighter (level 12, -2/150 HPs)
             Began as a Red Draconian Transmuter on Aug 8, 2022.
             Was a Priest of Hepliaklqana.
             Killed by divine providence
             ... invoked by a meliai
              (11 damage)
             ... on level 13 of the Dungeon.
             The game lasted 01:24:21 (19317 turns).

porpoise the Fighter (Red Draconian Transmuter)    Turns: 19317, Time: 01:24:22

Health: -2/150     AC: 26    Str: 16    XL:     12   Next: 42%
Magic:  16/19      EV:  2    Int: 14    God:    Hepliaklqana [***...]
Gold:   1330       SH:  0    Dex: 13    Spells: 3/21 levels left

rFire   + . .      SeeInvis .   a - +3 double sword
rCold   . . .      Faith    .   (no shield)
rNeg    . . .      Spirit   .   (body armour unavailable)
rPois   +          Reflect  .   (helmet currently unavailable)
rElec   .          Harm     .   (cloak currently unavailable)
rCorr   .          Rampage  .   (gloves currently unavailable)
Will    .....      NoTele   +   (boots currently unavailable)
Stlth   +.........              t - amulet of regeneration
HPRegen 1.15/turn               h - ring of protection from fire
MPRegen 0.16/turn               (no ring)

@: lethally poisoned (-2 -> -7), tree-form
A: stationary, stasis, torment immunity, boosted hp, reduced essence, (breathe
fire), AC +8, unfitting armour, (fire resistance 1), (cold-blooded)
a: Renounce Religion, Recall Ancestor, Ancestor Identity, Transference


You were on level 13 of the Dungeon.
You worshipped Hepliaklqana.
Hepliaklqana was most pleased with you.
You were a tree.
You visited 3 branches of the dungeon, and saw 15 of its levels.

You collected 1330 gold pieces.

Inventory:

Hand Weapons
 a - a +3 double sword (weapon)
 b - a +0 sling
 w - a +2 dagger of speed
 y - a +0 lajatang
Missiles
 i - 4 javelins
 n - 4 boomerangs (quivered)
Armour
 o - a +0 pair of boots (melded)
 z - a +0 pair of gloves (melded)
Jewellery
 h - a ring of protection from fire (left branch)
 s - an amulet of guardian spirit
 t - an amulet of regeneration (around neck)
Wands
 m - a wand of polymorph (4)
 r - a wand of flame (9)
 x - a wand of mindburst (19)
 E - a wand of light (10)
 H - a wand of charming (2)
Scrolls
 d - a scroll of blinking
 f - 3 scrolls of fog
 g - 3 scrolls of identify
 j - a scroll of fear
 k - 2 scrolls of vulnerability
 u - a scroll of noise
 v - a scroll of enchant weapon
 B - 4 scrolls of teleportation
Potions
 c - 2 potions of lignification
 e - a potion of haste
 l - 2 potions of cancellation
 p - a potion of flight
 q - 4 potions of attraction
 F - a potion of brilliance


   Skills:
 - Level 12.0 Fighting
 - Level 5.0(5.1) Short Blades
 * Level 1.5(3.5) Long Blades
 - Level 7.0 Dodging
 + Level 5.7 Unarmed Combat
 - Level 5.0 Spellcasting
 - Level 5.0 Conjurations
 + Level 9.6 Transmutations
 + Level 1.1 Fire Magic
 - Level 7.0 Ice Magic


You had 3 spell levels left.
You knew the following spells:

 Your Spells              Type           Power      Damage    Failure   Level
a - Beastly Appendage     Tmut           60%        N/A       1%          1
b - Scorch                Fire           12%        2d6       16%         2
f - Fireball              Conj/Fire      6%         3d5       80%         5
i - Ice Form              Ice/Tmut       26%        N/A       5%          4
s - Sticky Flame          Conj/Fire      12%        2d4       43%         4
w - Wereblood             Tmut           30%        N/A       1%          2

Your spell library contained the following spells:

 Spells                   Type           Power      Damage    Failure   Level
 Shock                    Conj/Air       40%        1d5       6%          1
 Spider Form              Tmut/Pois      17%        N/A       7%          3
 Ignite Poison            Fire/Tmut/Pois 13%        N/A       12%         3
 Conjure Flame            Conj/Fire      12%        6-21      14%         3
 Apportation              Tloc           6%         N/A       17%         1
 Necrotise                Necr           12%        1d4       17%         1
 Summon Guardian Golem    Hex/Summ       3%         N/A       45%         3
 Swiftness                Air            3%         N/A       45%         3
 Vampiric Draining        Necr           3%         2d6       45%         3
 Flame Wave               Conj/Fire      12%        2d6       43%         4
 Iskenderun's Battlesphe  Conj           17%        2d7       52%         5
 Alistair's Intoxication  Tmut/Pois      11%        N/A       54%         5
 Airstrike                Air            1%         2d(1-17)  86%         4
 Leda's Liquefaction      Hex/Erth       1%         N/A       86%         4
 Passage of Golubria      Tloc           3%         N/A       86%         4
 Statue Form              Tmut/Erth      11%        N/A       98%         6
 Agony                    Necr           3%         N/A       99%         5
 Lee's Rapid Deconstruct  Erth           1%         3d5*      99%         5
 Silence                  Hex/Air        1%         N/A       99%         5
 Conjure Ball Lightning   Conj/Air       5%         3x3d6     100%        6
 Dispersal                Tloc           1%         N/A       100%        6
 Summon Cactus Giant      Summ           1%         N/A       100%        6
 Orb of Destruction       Conj           8%         9d6       100%        7
 Spellforged Servitor     Conj/Summ      5%         N/A       100%        7
 Disjunction              Tloc           1%         N/A       100%        8
 Lehudib's Crystal Spear  Conj/Erth      5%         10d3      100%        8


Dungeon Overview and Level Annotations

Branches:
Dungeon (13/15)            Temple (1/1) D:6            Lair (1/5) D:10
    Orc (0/2) D:9
 Vaults: D:13-14

Altars:
Ashenzari
Cheibriados
Dithmenos
Elyvilon
Fedhas
Gozag
Hepliaklqana
Kikubaaqudgha
Makhleb
Nemelex Xobeh
Okawaru
Qazlal
Ru
Sif Muna
Trog
Uskayaw
Vehumet
Wu Jian
Xom
Yredelemnul
Zin
The Shining One

Annotations:
D:2 Sigmund
D:7 2 transporters


Innate Abilities, Weirdness & Mutations

You are a tree.
Your roots penetrate the ground, keeping you stationary.
You cannot be teleported.
You are immune to unholy pain and torment.
Your maximum health is greatly increased.
Your equipment is partially melded.
Your life essence is reduced to manifest your ancestor. (-10% HP)
((You can breathe blasts of fire.))
((Your fiery red scales are hard. (AC +8)))
You cannot fit into any form of body armour.
((Your flesh is heat resistant. (rF+)))
((You are cold-blooded and may be slowed by cold attacks.))


Message History

The meliai hits you with a +0 hand axe. The meliai stings you!
The meliai invokes the aid of its god against you.
Something smites you!
You pummel the meliai!! You freeze the meliai.
You kill the meliai!
You feel extremely sick.
The meliai closely misses you. x2; The meliai hits you but does no damage.
The meliai barely misses you.
You punch the meliai! You freeze the meliai.
The meliai is severely wounded.
You feel very sick.
The meliai mumbles some strange prayers to its god against you.
Something smites you!
* * * LOW HITPOINT WARNING * * *
Unknown command.
Really quaff the potion of lignification?
You warm up again.
Your +3 double sword unmelds from your body.
Your +0 pair of gloves unmelds from your body.
Your +0 pair of boots unmelds from your body.
You turn into a tree.
Your +0 pair of gloves melds into your body.
Your +0 pair of boots melds into your body.
Your roots penetrate the ground.
You feel very sick. The meliai hits you but does no damage.
The meliai stings you but does no damage.
The meliai hits you with a +0 hand axe.
* * * LOW HITPOINT WARNING * * *
The meliai stings you but does no damage.
You hit the meliai. You punch the meliai.
The meliai is almost dead.
You feel very sick. The meliai hits you with a +0 hand axe.
* * * LOW HITPOINT WARNING * * *
The meliai stings you!
* * * LOW HITPOINT WARNING * * *
The meliai calls down the wrath of its god upon you.
Something smites you!
You die...

#.# #.# #.# #.# #######
#.# ....... #.#######
$...... ###........
.......#######...#######
......)♣R......#)#
$.....y#########.#
....... #.# ....... #.#
....... #.# #####.# #.#
.. #.# .# #.# #.#


You could see the friendly Nikki the battlemage and a meliai (ally target).

Vanquished Creatures
  Frances (D:12)
  2 two-headed ogres
  Urug (D:13)
  2 manticores (D:12)
  A cyclops (D:12)
  2 black mambas (Lair:1)
  A gargoyle (D:13)
  A komodo dragon (D:10)
  A meliai (D:13)
  A troll (D:10)
  26 yaks
  A shadow (D:10)
  A wraith (D:8)
  A steam dragon (D:10)
  Edmund (D:4)
  Duvessa (D:4)
  2 water moccasins
  3 sky beasts
  An ice beast (D:5)
  5 orc warriors
  4 ogres
  A black bear (D:5)
  3 centaurs
  Blork the orc (D:5)
  2 bullfrogs (D:8)
  2 necrophages
  A gnoll sergeant (D:7)
  A scorpion (D:3)
  5 wights (D:8)
  Dowan (D:4)
  12 killer bees
  4 howler monkeys
  4 crimson imps (D:10)
  2 hounds
  7 orc priests
  A jelly (D:6)
  4 iguanas
  7 orc wizards
  Ijyb (D:3)
  8 gnolls
  10 adders
  A white imp (D:8)
  An ufetubus (D:5)
  2 worms
  3 dart slugs
  59 orcs
  5 ball pythons
  4 endoplasms
  2 giant cockroaches
  8 hobgoblins
  3 jackals (D:2)
  9 kobolds
  4 quokkas
  3 bats
  3 frilled lizards
  5 goblins
  2 rats (D:3)
250 creatures vanquished.

Vanquished Creatures (collateral kills)
  Erolcha (D:11)
  A tengu warrior (D:13)
  A cyclops (D:11)
  An unseen horror (D:10)
  2 cane toads (Lair:1)
  2 gargoyles (D:12)
  A rime drake (Lair:1)
  A komodo dragon (D:12)
  A tengu conjurer (D:13)
  A meliai (D:13)
  A vampire (D:12)
  A shadow (D:13)
  A wraith (D:12)
  A wyvern (D:10)
  5 yaks (Lair:1)
  A centaur (D:10)
  A howler monkey (D:11)
  4 crimson imps (D:10)
  3 orc wizards (D:11)
  A white imp (D:10)
  3 orcs (D:11)
34 creatures vanquished.

Vanquished Creatures (others)
  Erica (D:9)
  A yak (Lair:1)
  3 ancestors
  2 battlemagi
  An orc wizard (D:9)
  3 plants (D:10)
11 creatures vanquished.

Grand Total: 295 creatures vanquished

Notes
Turn   | Place    | Note
-------+----------+-------------------------------------------
     0 | D:1      | porpoise the Draconian Transmuter began the quest for the
                  | Orb.
     0 | D:1      | Reached XP level 1. HP: 16/16 MP: 3/3
   297 | D:1      | Reached XP level 2. HP: 24/24 MP: 3/5
   663 | D:1      | Found a faded altar of an unknown god.
   855 | D:1      | Reached skill level 2 in Fighting
  1070 | D:1      | Reached skill level 1 in Short Blades
  1548 | D:2      | Noticed Sigmund
  1559 | D:2      | Reached XP level 3. HP: 27/29 MP: 4/6
  2293 | D:3      | Learned a level 2 spell: Wereblood
  2490 | D:3      | Noticed a scorpion
  2522 | D:3      | Reached XP level 4. HP: 31/37 MP: 4/7
  2523 | D:3      | Killed a scorpion
  2730 | D:3      | Noticed Ijyb
  2769 | D:3      | Killed Ijyb
  2770 | D:3      | Reached skill level 3 in Fighting
  2770 | D:3      | Reached XP level 5. HP: 20/45 MP: 8/8
  3654 | D:4      | Learned a level 4 spell: Ice Form
  3836 | D:4      | Reached XP level 6. HP: 51/51 MP: 6/9
  3844 | D:4      | Found a shadowy altar of Dithmenos.
  3973 | D:4      | Noticed Edmund
  4005 | D:4      | Killed Edmund
  4006 | D:4      | Reached skill level 4 in Fighting
  4386 | D:4      | Noticed Duvessa
  4395 | D:4      | Noticed Dowan
  4406 | D:4      | Killed Duvessa
  4407 | D:4      | Your scales start taking on a fiery red colour.
  4407 | D:4      | Reached XP level 7. HP: 23/59 MP: 7/10
  4407 | D:4      | Gained mutation: Your flesh is heat resistant. (rF+) [Red
                  | Draconian growth]
  4416 | D:4      | Killed Dowan
  4417 | D:4      | Reached skill level 5 in Short Blades
  4790 | D:5      | Entered Level 5 of the Dungeon
  4889 | D:5      | Reached skill level 5 in Fighting
  4918 | D:5      | Reached skill level 5 in Transmutations
  5230 | D:5      | Noticed Blork the orc
  5243 | D:5      | Killed Blork the orc
  5250 | D:5      | Reached XP level 8. HP: 39/69 MP: 9/12
  5720 | D:6      | Reached skill level 6 in Fighting
  5953 | D:6      | Found a staircase to the Ecumenical Temple.
  5960 | Temple   | Entered the Ecumenical Temple
  7761 | D:7      | Reached skill level 7 in Fighting
  7808 | D:7      | Found a transporter.
  7808 | D:7      | Noticed a kobold demonologist
  8093 | D:7      | Identified the +6 ring mail of Darkness {Rampage Drain rN+
                  | Will+}
  8213 | D:7      | Noticed a kobold demonologist
  8221 | D:7      | Found a transporter.
  8494 | D:8      | Reached skill level 5 in Spellcasting
  8494 | D:8      | Reached XP level 9. HP: 27/79 MP: 14/16
  8774 | D:8      | Reached skill level 1 in Ice Magic
  8802 | D:8      | Found a hazy altar of Hepliaklqana.
  8802 | D:8      | Found a shimmering blue altar of Sif Muna.
  8808 | D:8      | Became a worshipper of Hepliaklqana the Forgotten
  8902 | D:8      | Found a snail-covered altar of Cheibriados.
  9746 | D:8      | Reached skill level 8 in Fighting
 10090 | D:8      | Found an ancient bone altar of Kikubaaqudgha.
 10154 | D:8      | Reached skill level 5 in Dodging
 10154 | D:8      | Reached XP level 10. HP: 40/90 MP: 17/17
 10482 | D:9      | HP: 4/90 [yak (3)]
 10979 | D:9      | Found a staircase to the Orcish Mines.
 10982 | D:9      | Noticed Erica
 10999 | D:9      | Reached skill level 9 in Fighting
 11536 | D:8      | HP: 4/91 [orc warrior/+0 long sword (11)]
 12047 | D:9      | Found a blossoming altar of Fedhas.
 12067 | D:9      | HP: 4/91 [rock wall collision (6)]
 12068 | D:9      | Killed Erica
 12762 | D:9      | Identified the +2 leather armour "Dinyagapn" {Str+3}
 12787 | D:9      | Reached skill level 5 in Ice Magic
 12793 | D:9      | Learned a level 4 spell: Sticky Flame
 12799 | D:9      | Learned a level 5 spell: Fireball
 12968 | D:9      | Reached * piety under Hepliaklqana
 13121 | D:9      | Found a hide-covered altar of Uskayaw.
 13124 | D:9      | Found a sparkling altar of Nemelex Xobeh.
 13128 | D:9      | Found a bloodstained altar of Trog.
 13197 | D:9      | Reached skill level 10 in Fighting
 13641 | D:10     | Entered Level 10 of the Dungeon
 13883 | D:10     | Found the amulet of Elemental Vulnerability {rPois rF--
                  | rC-- AC+8}
 14305 | D:10     | Noticed a two-headed ogre
 14320 | D:10     | Killed a two-headed ogre
 14321 | D:10     | Reached XP level 11. HP: 11/90 MP: 15/18
 15111 | D:10     | Reached skill level 11 in Fighting
 15508 | D:10     | Found a staircase to the Lair.
 15901 | Lair:1   | Entered Level 1 of the Lair of Beasts
 15919 | Lair:1   | Reached ** piety under Hepliaklqana
 15920 | Lair:1   | Remembered your ancestor Nikki as a battlemage
 17312 | D:11     | Reached skill level 12 in Fighting
 17312 | D:11     | Reached skill level 1 in Conjurations
 17517 | D:11     | Noticed Erolcha
 17523 | D:11     | Killed Erolcha
 17598 | D:11     | Reached *** piety under Hepliaklqana
 17727 | D:11     | Noticed a two-headed ogre
 17733 | D:11     | Killed a two-headed ogre
 18175 | D:12     | Reached XP level 12. HP: 13/100 MP: 19/19
 18327 | D:12     | Learned a level 2 spell: Scorch
 18342 | D:12     | HP: 1/100 [something (10)]
 18695 | D:12     | Noticed Frances
 18708 | D:12     | Killed Frances
 18709 | D:12     | Reached skill level 5 in Unarmed Combat
 19093 | D:13     | Noticed a tengu warrior
 19101 | D:13     | Killed a tengu warrior
 19167 | D:13     | Noticed Urug
 19177 | D:13     | Killed Urug
 19178 | D:13     | Reached skill level 5 in Conjurations
 19282 | D:13     | Reached skill level 1 in Long Blades
 19310 | D:13     | Reached skill level 1 in Fire Magic
 19317 | D:13     | Killed from afar by a meliai

Illustrated notes

Levels and vault maps discovered:
D:1:      kennysheep_arrival_seaside, layout_basic,
          dreamdust_ecumenical_altar_statues
D:2:      layout_basic, chequers_mini_garden, uniq_sigmund
D:3:      layout_loops_corners, uniq_ijyb
D:4:      layout_basic, grunt_dithmenos_smoke, minivault_11, uniq_duvessa,
          uniq_edmund
D:5:      layout_basic, hellmonk_bongcloud_opening, uniq_blork_the_orc
D:6:      layout_cave_pools, minmay_temple_entry_statues_pillars, minivault_5
D:7:      gammafunk_wand_slinger, layout_basic
D:8:      layout_gridville, general_overflow_altar,
          gammafunk_temple_overflow_statue, mainiacjoe_overflow_24_doors
D:9:      layout_roguey [special_room_orc], fedhas_altar_2,
          grunt_temple_overflow_diamond, david_orc_2, uniq_erica
D:10:     layout_loops_cross, david_lair_shrubbed, grunt_decor_mini_mirrors,
          minmay_nine_imps
D:11:     layout_stronghold, uniq_erolcha
D:12:     layout_basic, moated_statue, uniq_frances
D:13:     layout_roguey, erik_vaults_2, uniq_urug
Temple:   compressed_dpeg_triangle_lava_temple
Lair:1:   layout_gridlike, grunt_megastairs_2

Skill      XL: |  1  2  3  4  5  6  7  8  9 10 11 12 |
---------------+-------------------------------------+-----
Fighting       | 2 3 4 5 7 8 10 12 | 12.0
Short Blades   | 1 2 3 4 5 |  5.0
Transmutations | 3 4 5 7 9 |  9.6
Spellcasting   | 3 5 |  5.0
Dodging        | 2 5 6 7 |  7.0
Ice Magic      | 3 5 6 7 |  7.0
Conjurations   | 3 5 |  5.0
Unarmed Combat | 4 5 |  5.7
Long Blades    | 1 |  1.5
Fire Magic     | 1 |  1.1

Action                   |  1- 3 |  4- 6 |  7- 9 | 10-12 || total
-------------------------+-------+-------+-------+-------++-------
Melee: Unarmed           |    12 |       |       |    22 ||    34
       Short sword       |     8 |       |       |       ||     8
       Kick              |    25 |    41 |   119 |    95 ||   280
       Dagger            |   119 |   138 |   375 |   127 ||   759
       Headbutt          |    14 |    21 |    89 |    71 ||   195
       Tailslap          |    11 |    16 |    70 |    60 ||   157
       Punch             |     1 |     6 |     4 |     4 ||    15
       Sling             |       |       |     9 |       ||     9
       Lajatang          |       |       |    38 |   287 ||   325
       Double sword      |       |       |       |     5 ||     5
 Fire: Sling             |       |    13 |    24 |    28 ||    65
Throw: Boomerang         |       |       |    14 |     3 ||    17
 Cast: Beastly Appendage |    29 |    14 |    36 |    43 ||   122
       Wereblood         |     1 |     3 |    13 |    17 ||    34
       Ice Form          |       |       |       |     6 ||     6
Invok: Ancestor Identity |       |       |       |     1 ||     1
       Ancestor Life: Ba |       |       |       |     1 ||     1
 Abil: Breathe Fire      |       |       |     2 |     2 ||     4
Evoke: Wand              |       |       |       |     6 ||     6
  Use: Scroll            |       |     4 |    10 |     8 ||    22
       Potion            |       |       |     2 |    16 ||    18
 Stab: Sleeping          |       |       |     1 |       ||     1
       Invisible         |       |       |       |     2 ||     2
       Distracted        |       |       |       |     1 ||     1
Armor: Skin              |    28 |    19 |   115 |   180 ||   342
Dodge: Dodged            |    68 |    39 |   156 |   410 ||   673

Table legend: (Time is in decaauts)
 A = Elapsed time spent in this place.
 B = Non-inter-level travel time spent in this place.
 C = Inter-level travel time spent in this place.
 D = Time resting spent in this place.
 E = Time spent auto-exploring this place.
 F = Levels seen in this place.
 G = Mean time per level.
                   A        B        C        D        E       F      G
               +--------+--------+--------+--------+--------+-----+--------+
         Total |  19098 |  18310 |    788 |   7853 |   7600 |  15 | 1273.2 |
       Dungeon |  17532 |  16816 |    716 |   7472 |   6719 |  13 | 1348.6 |
        Temple |    224 |    214 |     10 |      0 |    206 |   1 |  224.0 |
          Lair |   1341 |   1280 |     61 |    381 |    675 |   1 | 1341.0 |
               +--------+--------+--------+--------+--------+-----+--------+

Top non-repeatable levels by time:
     D:8: 3714 daAuts
     D:9: 1976 daAuts
    D:10: 1824 daAuts
     D:1: 1421 daAuts
     D:4: 1372 daAuts
     D:6: 1359 daAuts
  Lair:1: 1341 daAuts
     D:3: 1210 daAuts
    D:12: 1094 daAuts
     D:5: 934 daAuts
     D:7: 865 daAuts
     D:2: 789 daAuts
    D:11: 748 daAuts
  Temple: 224 daAuts
    D:13: 223 daAuts
